 Dungeon Crawl Stone Soup version 0.27-a0-1066-g29160eaed2 (webtiles) character file.

Game seed: 17486689282190569419

100 LordDeathwing the Chopper (level 4, 0/41 HPs)
             Began as a Hill Orc Fighter on Apr 24, 2021.
             Succumbed to threeofswords's ghost's poison
             ... on level 3 of the Dungeon.
             The game lasted 00:05:08 (2138 turns).

LordDeathwing the Chopper (Hill Orc Fighter)        Turns: 2138, Time: 00:05:08

Health: 0/41       AC: 10    Str: 19    XL:     4   Next: 73%
Magic:  4/4        EV:  7    Int:  8    God:
Gold:   111        SH:  9    Dex: 10    Spells: 3/3 levels left

rFire    . . .     SeeInvis .   a - +0 war axe
rCold    . . .     Faith    .   c - +0 kite shield
rNeg     . . .     Spirit   .   b - +0 scale mail
rPois    .         Reflect  .   (no helmet)
rElec    .         Harm     .   (no cloak)
rCorr    .         Rampage  .   q - +0 pair of gloves
Will     .....                  j - +1 pair of boots
Stlth    ..........             (no amulet)
HPRegen  0.13/turn              (no ring)
MPRegen  0.09/turn              (no ring)

@: lethally poisoned (0 -> -39), lit by a corona, slowed, glowing, very slow
A: no striking features
a: no special abilities


You were on level 3 of the Dungeon.
You visited 1 branch of the dungeon, and saw 3 of its levels.

You collected 111 gold pieces.

Inventory:

Hand Weapons
 a - a +0 war axe (weapon)
Armour
 b - a +0 scale mail (worn)
 c - a +0 kite shield (worn)
 j - a +1 pair of boots (worn)
 q - a +0 pair of gloves (worn)
Jewellery
 o - a +6 ring of intelligence
Scrolls
 e - a scroll of identify {unknown}
 f - a scroll of brand weapon {unknown}
 g - a scroll of fear {unknown}
 h - 2 scrolls of amnesia {unknown}
 k - a scroll of vulnerability {unknown}
 l - a scroll of silence {unknown}
 r - a scroll of teleportation {unknown}
 s - a scroll of blinking {unknown}
 t - a scroll of fog {unknown}
Potions
 d - a potion of might
 m - a potion of flight {unknown}
 n - a potion of attraction {unknown}
 p - a potion of heal wounds {unknown}


   Skills:
 + Level 4.3 Fighting
 * Level 4.4 Axes
 + Level 3.9 Armour
 + Level 3.9 Shields


You had 3 spell levels left.
You didn't know any spells.
Your spell library contained the following spells:

 Spells                   Type           Power      Damage    Failure   Level
 Animate Skeleton         Necr           0%         N/A       99%         1
 Apportation              Tloc           0%         N/A       99%         1
 Corona                   Hex            0%         N/A       99%         1
 Summon Small Mammal      Summ           0%         N/A       99%         1
 Slow                     Hex            0%         N/A       100%        2
 Inner Flame              Hex/Fire       0%         N/A       100%        3
 Portal Projectile        Hex/Tloc       0%         N/A       100%        3
 Cause Fear               Hex            0%         N/A       100%        4
 Leda's Liquefaction      Hex/Erth       0%         N/A       100%        4


Dungeon Overview and Level Annotations

Branches:
Dungeon (3/15)

Altars:

Annotations:
D:3 threeofswords's ghost, novice KoAM


Message History

You block threeofswords's ghost's attack.
You hit threeofswords's ghost.
Threeofswords's ghost is moderately damaged.
Threeofswords's ghost hits you but does no damage.
Threeofswords's ghost casts a spell at you.
You struggle to resist.
Threeofswords's ghost points at you and mumbles some strange words.
You feel as though you will be slow longer.
You closely miss threeofswords's ghost.
Threeofswords's ghost is moderately damaged.
Threeofswords's ghost points at you and mumbles some strange words.
You are outlined in light.
Threeofswords's ghost hits you but does no damage.
You are poisoned.
You hit threeofswords's ghost.
Threeofswords's ghost is moderately damaged.
You feel very sick.
Threeofswords's ghost hits you but does no damage.
You are more poisoned.
Threeofswords's ghost hits you but does no damage.
You are more poisoned.
You closely miss threeofswords's ghost.
Threeofswords's ghost is moderately damaged.
You feel extremely sick.
You block threeofswords's ghost's attack.
Threeofswords's ghost hits you but does no damage.
You are more poisoned.
Unknown command.
You closely miss threeofswords's ghost.
Threeofswords's ghost is moderately damaged.
You feel extremely sick.
Threeofswords's ghost hits you but does no damage.
You are lethally poisoned!
Threeofswords's ghost hits you but does no damage.
You are more poisoned.
Threeofswords's ghost hits you but does no damage.
You are more poisoned.
You completely miss threeofswords's ghost.
Threeofswords's ghost is moderately damaged.
You die...

#..##..##..##..##.
#...............).
###.#.##)....<.###
#.#.###......... #.#.#
##.....#.. #.#.#
#.....#..
#####'#.####.....#..
##.......#...######..
#...@........######..
#...#W#............##..
#...#S#............##..
#...#S#....##......##..
#...#≈##+#..+..........
#####≈# ####....#####.
#$# ############ #≈#
............
............


You could see threeofswords's ghost and 2 adders.

Vanquished Creatures
  3 adders (D:2)
  3 worms
  A dart slug (D:1)
  An orc (D:3)
  7 ball pythons
  3 bats
  5 endoplasms
  5 goblins
  5 hobgoblins
  4 jackals (D:1)
  7 kobolds
  6 quokkas
  4 rats
54 creatures vanquished.

Notes
Turn   | Place    | Note
-------+----------+-------------------------------------------
     0 | D:1      | LordDeathwing the Hill Orc Fighter began the quest for the
                  | Orb.
     0 | D:1      | Reached XP level 1. HP: 19/19 MP: 1/1
   224 | D:1      | Reached XP level 2. HP: 22/27 MP: 2/2
   882 | D:2      | Reached XP level 3. HP: 33/33 MP: 3/3
  1212 | D:2      | Reached XP level 4. HP: 38/40 MP: 4/4
  2120 | D:3      | Found a runed translucent door.
  2121 | D:3      | Noticed threeofswords's ghost (novice KoAM)
  2138 | D:3      | Succumbed to threeofswords's ghost's poison

Illustrated notes

Levels and vault maps discovered:
D:1:      kennysheep_arrival_forest, layout_basic, minivault_24,
          minmay_misc_feat_cross
D:2:      kennysheep_six_static_rooms, layout_loops_ring
D:3:      layout_basic, chequers_ecumenical_altar_simple, ebering_ghost_sewer_d,
          palyth_stone_intersect

Skill      XL: |  1  2  3 |
---------------+----------+-----
Axes           | 3 4 |  4.4
Fighting       | 4 |  4.3
Armour         | |  3.9
Shields        | |  3.9

Action                   |  1- 3 |  4- 6 || total
-------------------------+-------+-------++-------
Melee: War axe           |    64 |    68 ||   132
  Use: Potion            |       |     1 ||     1
Armor: Scale mail        |    31 |    32 ||    63
Dodge: Dodged            |    21 |    17 ||    38
Block: Kite shield       |    33 |    31 ||    64

Table legend: (Time is in decaauts)
 A = Elapsed time spent in this place.
 B = Non-inter-level travel time spent in this place.
 C = Inter-level travel time spent in this place.
 D = Time resting spent in this place.
 E = Time spent auto-exploring this place.
 F = Levels seen in this place.
 G = Mean time per level.
                   A        B        C        D        E       F      G
               +--------+--------+--------+--------+--------+-----+--------+
         Total |   2215 |   2171 |     44 |      0 |   1713 |   3 |  738.3 |
       Dungeon |   2215 |   2171 |     44 |      0 |   1713 |   3 |  738.3 |
               +--------+--------+--------+--------+--------+-----+--------+

Top non-repeatable levels by time:
     D:1: 883 daAuts
     D:2: 787 daAuts
     D:3: 543 daAuts
